 Dungeon Crawl Stone Soup version 0.31.0-12-g77e489cdc1 (webtiles) character file.

Game seed: 16100302851252685878

159 labirda the Cudgeller (level 5, -6/45 HPs)
             Began as a Minotaur Gladiator on Mar 4, 2024.
             Mangled by an ogre
             ... wielding a +0 giant club
              (18 damage)
             ... on level 4 of the Dungeon.
             The game lasted 00:08:08 (4355 turns).

labirda the Cudgeller (Minotaur Gladiator)          Turns: 4355, Time: 00:08:08

Health: -6/45      AC:  8    Str: 20    XL:     5   Next: 17%
Magic:  4/4        EV: 12    Int:  5    God:
Gold:   94         SH:  0    Dex: 12    Spells: 4/4 levels left

rFire   . . .        a - +0 flail
rCold   . . .        (no shield)
rNeg    . . .        r - +3 ring mail
rPois   .            c - +0 hat
rElec   .            (no cloak)
rCorr   .            (no gloves)
SInv    .            (no boots)
Will    .....        q - amulet of the acrobat
Stlth   +            (no ring)
HPRegen 0.27/turn    (no ring)
MPRegen 0.09/turn

%: acrobat
@: no status effects
A: horns 2, retaliatory headbutt
a: no special abilities


You were on level 4 of the Dungeon.
You visited 1 branch of the dungeon, and saw 4 of its levels.

You collected 94 gold pieces.

Inventory:

Hand Weapons
 a - a +0 flail (weapon)
Missiles
 d - a throwing net (quivered)
Armour
 b - a +0 leather armour
 c - a +0 hat (worn)
 r - a +3 ring mail (worn)
Jewellery
 j - a ring of magical power
 q - an amulet of the acrobat (around neck)
Scrolls
 f - 4 scrolls of teleportation {unknown}
 i - 4 scrolls of identify {unknown}
 k - a scroll of blinking {unknown}
 n - 2 scrolls of fog {unknown}
 o - a scroll of butterflies {unknown}
Potions
 e - a potion of degeneration {unknown}
 g - 2 potions of heal wounds {unknown}
 h - a potion of attraction {unknown}
 l - a potion of might {unknown}
 m - 2 potions of lignification {unknown}
 p - 2 potions of enlightenment {unknown}


   Skills:
 * Level 3.5 Fighting
 * Level 4.9 Maces & Flails
 - Level 2.1 Throwing
 * Level 3.2 Armour
 - Level 3.9 Dodging


You had 4 spell levels left.
You didn't know any spells.
Your spell library contained the following spells:

 Spells                   Type           Power      Damage    Failure   Level
 Freeze                   Ice            0%         1d3       65%         1
 Kiss of Death            Conj/Necr      0%         2d5       65%         1
 Confusing Touch          Hex            0%         N/A       95%         3
 Frozen Ramparts          Ice            0%         1d1       95%         3
 Hailstorm                Conj/Ice       0%         3d5       95%         3
 Stone Arrow              Conj/Erth      0%         3d7       95%         3
 Animate Armour           Summ/Erth      0%         N/A       100%        4
 Dispel Undead            Necr           0%         3d6       100%        4
 Lehudib's Crystal Spear  Conj/Erth      0%         10d2      100%        8


Dungeon Overview and Level Annotations

Branches:
Dungeon (4/15)
 Temple: D:4-7

Altars:
Dithmenos
Fedhas

Annotations:
D:2 Sigmund


Innate Abilities, Weirdness & Mutations

You have a pair of horns on your head.
You reflexively headbutt those who attack you in melee.


Message History

The hobgoblin is severely wounded.
The hobgoblin misses you.
You hit the hobgoblin.
You kill the hobgoblin!
You see here a hobgoblin corpse.
Found a sling.
Found a pink potion.
A kobold comes into view. It is wielding a +0 short sword.
The kobold shouts!
You hit the kobold.
You kill the kobold!
Things that are here:
a +0 short sword; a kobold corpse You hear the slow rusting of a very distant drain.
Found a blossoming altar of Fedhas.
Found Maxwell's Memoranda.
Found 11 gold pieces.
An ogre comes into view. It is wielding a +0 giant club.
The ogre shouts!
Found a red potion.
The ogre completely misses you.
You hit the ogre.
The ogre is lightly wounded.
You hear the slow rusting of a distant drain.
The ogre hits you with a +0 giant club.
You hit the ogre. Your headbutt misses the ogre.
The ogre is moderately wounded.
The ogre hits you with a +0 giant club!
You barely miss the ogre. Your headbutt misses the ogre.
The ogre is moderately wounded.
You barely miss the ogre.
The ogre is moderately wounded.
The ogre barely misses you.
You barely miss the ogre.
The ogre is moderately wounded.
The ogre hits you with a +0 giant club!
* * * LOW HITPOINT WARNING * * *
You hit the ogre. You headbutt the ogre!
The ogre is almost dead.
The ogre hits you with a +0 giant club!!
You die...

# # # #### ### #.# ...
..... #.# ..! #..... #.#
###.#.###.P.P. #.#
#######...# ..#.._..##.#
....$.O@#####...P.P..#.#
#######...#.:.#........#
###.#.# ##.####... #...#
#........# ##.##
#..####.#. #.# #..# ##.#
#.####..#######
#...........###
######<.###....


You could see an ogre.

Vanquished Creatures
  Natasha (D:2)
  4 gnolls (D:3)
  2 adders
  A dart slug (D:3)
  8 endoplasms
  3 giant cockroaches
  8 goblins
  6 hobgoblins
  6 jackals
  3 quokkas
  4 ball pythons
  8 bats
  4 frilled lizards
  9 kobolds
  7 rats
74 creatures vanquished.

Notes
Turn   | Place    | Note
-------+----------+-------------------------------------------
     0 | D:1      | labirda the Minotaur Gladiator began the quest for the Orb.
     0 | D:1      | Reached XP level 1. HP: 18/18 MP: 0/0
   524 | D:1      | Reached skill level 4 in Maces & Flails
   537 | D:1      | Reached XP level 2. HP: 25/25 MP: 1/1
  1331 | D:2      | Reached XP level 3. HP: 30/30 MP: 2/2
  1340 | D:2      | Reached skill level 1 in Armour
  1343 | D:2      | Found a shadowy altar of Dithmenos.
  1538 | D:2      | Noticed Sigmund
  2144 | D:2      | Reached XP level 4. HP: 37/37 MP: 3/3
  2283 | D:2      | Noticed Natasha
  2290 | D:2      | Killed Natasha
  3890 | D:3      | Reached XP level 5. HP: 45/45 MP: 4/4
  4324 | D:4      | Found a blossoming altar of Fedhas.
  4346 | D:4      | Noticed an ogre
  4355 | D:4      | Mangled by an ogre

Illustrated notes

Levels and vault maps discovered:
D:1:      dpeg_arrival_shelter, layout_basic, minmay_tall_x
D:2:      layout_loops_ring, basic_altar, serial_shops, nicolae_shop_dealshenge,
          minmay_between, uniq_sigmund, uniq_natasha
D:3:      layout_basic
D:4:      layout_loops_ring, fedhas_altar_1,
          mainiacjoe_sewer_entry_somewhere_in_here_2

Skill      XL: |  1  2  3  4 |
---------------+-------------+-----
Maces & Flails | 4 |  4.9
Armour         | 2 3 |  3.2
Fighting       | 3 |  3.5
Throwing       | |  2.1
Dodging        | |  3.9

Action                     |  1- 3 |  4- 6 || total
---------------------------+-------+-------++-------
  Melee: Flail             |   101 |    59 ||   160
         Headbutt          |    16 |    10 ||    26
         Unarmed           |     3 |       ||     3
         Punch             |     1 |     1 ||     2
  Throw: Throwing net      |       |     2 ||     2
         Javelin           |       |     1 ||     1
   Stab: Sleeping          |     1 |       ||     1
 Armour: Leather armour    |    84 |    25 ||   109
         Skin              |     4 |     2 ||     6
         Ring mail         |       |    13 ||    13
  Dodge: Dodged            |    93 |    30 ||   123
